 Dungeon Sprint DCSS version 0.23-a0-270-gab6feb3 (webtiles) character file.

24484 Felrender the Peltast (level 12, -6/124 HPs)
             Began as a Minotaur Fighter on Sept 30, 2018.
             Was the Champion of Trog.
             Mangled by a spark wasp (13 damage)
             ... in the Dungeon (Sprint IX: "|||||||||||||||||||||||||||||").
             The game lasted 00:10:34 (3449 turns).

Felrender the Peltast (Minotaur Fighter)            Turns: 3449, Time: 00:10:35

Health: -6/124     AC: 28    Str: 30      XL:     12   Next: 81%
Magic:  0/11       EV: 10    Int:  5      God:    Trog [******]
Gold:   1939       SH: 24    Dex:  8 (9)  Spells: 11/11 levels left

rFire    . . .     SeeInvis .   g - +6 falchion (elec)
rCold    . . .     Gourm    .   x - +1 large shield
rNeg     . . .     Faith    .   w - +2 plate armour
rPois    .         Spirit   .   (helmet restricted)
rElec    .         Reflect  .   J - +2 cloak
rCorr    .         Harm     .   y - +0 pair of gloves
MR       ++...     NoTele   +   s - +0 pair of boots
Stlth    ..........             (no amulet)
HPRegen  1.30/turn              b - +3 ring of strength
MPRegen  0.12/turn              u - +2 ring of protection

@: regenerating
A: retaliatory headbutt, horns 2
a: Berserk, Trog's Hand, Brothers in Arms, Renounce Religion


You were in the Dungeon.
You worshipped Trog.
Trog was exalted by your worship.
You were not hungry.

You visited 1 branch You collected 1939 gold pieces.

Inventory:

Hand Weapons
 f - a +1 antimagic demon blade
 g - a +6 falchion of electrocution (weapon)
 m - a +4 falchion of flaming
 q - a +4 scimitar of holy wrath
 D - a +5 antimagic scimitar
 F - a +2 great mace
 H - a +7 morningstar of crushing
 L - a +1 vampiric demon whip
Armour
 c - a +0 shield
 s - a +0 pair of boots (worn)
 t - +1 fire dragon scales
 w - a +2 plate armour (worn)
 x - a +1 large shield (worn)
 y - a +0 pair of gloves (worn)
 A - a +1 scale mail of poison resistance
 J - a +2 cloak (worn)
Jewellery
 a - an uncursed ring of protection from magic
 b - a +3 ring of strength (left hand)
 p - an uncursed ring of see invisible
 r - an uncursed ring of poison resistance
 u - a +2 ring of protection (right hand)
 v - an uncursed ring of stealth
Wands
 o - a wand of acid (10)
 G - a wand of paralysis (10)
Scrolls
 k - 3 scrolls of blinking
 n - 6 scrolls of remove curse
 C - a scroll of fog
 E - a scroll of fear
Potions
 d - 3 potions of might
 h - a potion of haste
 i - 5 potions of magic
 j - 2 potions of berserk rage
 l - a potion of invisibility
 B - 2 potions of brilliance
 I - a potion of degeneration {unknown}
Comestibles
 z - 7 rations


   Skills:
 + Level 16.8 Fighting
 + Level 16.4 Long Blades
   Level 10.6(13.2) Axes
 + Level 13.0(14.3) Maces & Flails
 + Level 16.0 Armour
 + Level 9.0 Dodging
 + Level 2.7 Stealth
 + Level 19.4 Shields


You had 11 spell levels left.
You didn't know any spells.
Your spell library was empty.

Dungeon Overview and Level Annotations

Branches:
Dungeon (1/1)

Altars:
Cheibriados
Dithmenos
Elyvilon
Fedhas
Gozag
Hepliaklqana
Kikubaaqudgha
Makhleb
Nemelex Xobeh
Okawaru
Qazlal
Ru
Sif Muna
Trog
Uskayaw
Vehumet
Wu Jian
Xom
Yredelemnul
Zin
The Shining One
Beogh
Jiyva
Lugonu

Shops:
D }:**


Innate Abilities, Weirdness & Mutations

You reflexively headbutt those who attack you in melee.
You have a pair of horns on your head.


Message History

Deactivating autopickup; reactivate with Ctrl-A.
Something hits you but does no damage. You block something's attack.
The spark wasp stings you but does no damage.
You closely miss the spark wasp.
The spark wasp is severely wounded.
You block something's attack. Something hits you but does no damage.
Something stings you.
* * * LOW HITPOINT WARNING * * *
The spark wasp stings you but does no damage.
You hit the spark wasp but do no damage.
Your headbutt misses the spark wasp.
The spark wasp is severely wounded.
Something hits you but does no damage. Something hits you.
* * * LOW HITPOINT WARNING * * *
Something stings you.
* * * LOW HITPOINT WARNING * * *
The spark wasp stings you!
* * * LOW HITPOINT WARNING * * *
The spark wasp shocks you!
You die...

▓..[..........))))))))......)
▓▓▓▓▓▓▓▓▓▓▓▓▓▓▓▓▓▓▓▓▓▓▓▓▓▓▓▓▓
▓............................
▓.▓▓▓▓▓▓▓▓▓▓▓▓▓▓▓▓▓▓▓▓▓▓▓▓▓▓▓
▓.........'..=..)))))))).[[.[
▓▓▓▓▓▓▓▓▓▓▓▓▓▓▓▓▓▓▓▓▓▓▓▓▓▓▓▓▓
▓............................
▓.▓▓▓▓▓▓▓▓▓▓▓▓▓▓▓▓▓▓▓▓▓▓▓▓▓▓▓
▓..........y@{sssys..ys
▓▓▓▓▓▓▓▓▓▓▓▓▓▓▓▓▓▓▓▓▓▓▓


You could see 2 spark wasps, a demonic crawler, 2 wolf spiders and a redback.

Vanquished Creatures
  Agnes (D)
  2 stone giants (D)
  3 ogre magi (D)
  Harold (D)
  A hydra (D)
  A rakshasa (D)
  7 death yaks (D)
  A deep troll earth mage (D)
  An orc high priest (D)
  A wizard (D)
  3 deep trolls (D)
  3 orc knights (D)
  A necromancer (D)
  2 cyclopes (D)
  Maurice (D)
  2 spiny frogs (D)
  A kobold demonologist (D)
  7 trolls (D)
  A hippogriff (D)
  A slime creature (D)
  A blink frog (D)
  2 yaks (D)
  2 tarantellas (D)
  A wyvern (D)
  An acid dragon (D)
  2 water moccasins (D)
  A porcupine (D)
  8 orc warriors (D)
  An ice beast (D)
  A necrophage (D)
  A wolf (D)
  5 crocodiles (D)
  8 bullfrogs (D)
  A howler monkey (D)
  2 crimson imps (D)
  A jelly (D)
  A hound (D)
  6 orc priests (D)
  6 orc wizards (D)
  A worker ant (D)
  2 adders (D)
  4 orcs (D)
  A bat (D)
  A giant cockroach (D)
  2 hobgoblins (D)
  A kobold (D)
  A frilled lizard (D)
105 creatures vanquished.

Vanquished Creatures (others)
  A spatial maelstrom (D)
  A necromancer (D)
2 creatures vanquished.

Grand Total: 107 creatures vanquished

Notes
Turn   | Place    | Note
-------+----------+-------------------------------------------
     0 | D        | Felrender the Minotaur Fighter began the quest for the Orb.
     0 | D        | Reached XP level 1. HP: 19/19 MP: 0/0
     9 | D        | Banished a spatial maelstrom
    11 | D        | Reached skill level 4 in Shields
    22 | D        | Noticed an orc wizard
    22 | D        | Noticed a crimson imp
    22 | D        | Noticed a hound
    24 | D        | Reached skill level 5 in Armour
    24 | D        | Reached XP level 2. HP: 22/28 MP: 1/1
    38 | D        | HP: 1/28 [something (2)]
    63 | D        | Reached skill level 5 in Fighting
    63 | D        | Reached skill level 5 in Shields
    63 | D        | Reached XP level 3. HP: 27/36 MP: 2/2
    69 | D        | Reached skill level 6 in Shields
    69 | D        | Reached XP level 4. HP: 26/44 MP: 3/3
   100 | D        | Found a roughly hewn altar of Beogh.
   100 | D        | Found a snail-covered altar of Cheibriados.
   100 | D        | Found a shadowy altar of Dithmenos.
   100 | D        | Found a white marble altar of Elyvilon.
   100 | D        | Found a blossoming altar of Fedhas.
   100 | D        | Found an opulent altar of Gozag.
   101 | D        | Found a hazy altar of Hepliaklqana.
   102 | D        | Found a viscous altar of Jiyva.
   103 | D        | Found an ancient bone altar of Kikubaaqudgha.
   104 | D        | Found a corrupted altar of Lugonu.
   105 | D        | Found a burning altar of Makhleb.
   106 | D        | Found a sparkling altar of Nemelex Xobeh.
   107 | D        | Found an iron altar of Okawaru.
   108 | D        | Found a stormy altar of Qazlal.
   109 | D        | Found a sacrificial altar of Ru.
   110 | D        | Found a deep blue altar of Sif Muna.
   111 | D        | Found a bloodstained altar of Trog.
   112 | D        | Found a hide-covered altar of Uskayaw.
   113 | D        | Found a radiant altar of Vehumet.
   114 | D        | Found an ornate altar of the Wu Jian Council.
   115 | D        | Found a shimmering altar of Xom.
   116 | D        | Found a basalt altar of Yredelemnul.
   117 | D        | Found a glowing silver altar of Zin.
   118 | D        | Found a glowing golden altar of the Shining One.
   119 | D        | Became a worshipper of Trog the Wrathful
   241 | D        | Noticed a wyvern
   241 | D        | Noticed a bullfrog
   246 | D        | Killed a wyvern
   246 | D        | Reached skill level 5 in Long Blades
   246 | D        | Reached skill level 1 in Dodging
   246 | D        | Reached skill level 8 in Shields
   246 | D        | Reached XP level 5. HP: 36/53 MP: 4/4
   248 | D        | Reached XP level 6. HP: 42/61 MP: 5/5
   250 | D        | Reached * piety under Trog
   250 | D        | Reached skill level 10 in Armour
   259 | D        | Reached ** piety under Trog
   259 | D        | Reached skill level 9 in Shields
   378 | D        | Noticed an ice beast
   378 | D        | Noticed a yak
   401 | D        | Killed an ice beast
   401 | D        | Reached *** piety under Trog
   401 | D        | Reached XP level 7. HP: 62/70 MP: 6/6
   412 | D        | Killed a yak
   412 | D        | Reached skill level 10 in Fighting
   412 | D        | Reached skill level 10 in Shields
   598 | D        | Noticed a hippogriff
   598 | D        | Noticed a spiny frog
   616 | D        | Reached **** piety under Trog
   620 | D        | Killed a hippogriff
   620 | D        | Reached XP level 8. HP: 49/80 MP: 7/7
   629 | D        | Killed a spiny frog
   629 | D        | Reached skill level 11 in Shields
   634 | D        | Reached ***** piety under Trog
   645 | D        | Received a gift from Trog
  1000 | D        | Noticed a spiny frog
  1000 | D        | Noticed a four-headed hydra
  1000 | D        | Noticed a blink frog
  1004 | D        | Killed a spiny frog
  1004 | D        | Reached XP level 9. HP: 89/89 MP: 8/8
  1015 | D        | Killed a four-headed hydra
  1015 | D        | Reached skill level 12 in Shields
  1025 | D        | Received a gift from Trog
  1029 | D        | Reached skill level 5 in Maces & Flails
  1413 | D        | Noticed a death yak
  1413 | D        | Noticed a death yak
  1413 | D        | Noticed a death yak
  1413 | D        | Noticed a death yak
  1413 | D        | Noticed a death yak
  1413 | D        | Noticed a death yak
  1417 | D        | Killed a death yak
  1417 | D        | Reached skill level 5 in Dodging
  1417 | D        | Reached XP level 10. HP: 97/97 MP: 9/9
  1419 | D        | Noticed a death yak
  1424 | D        | Killed a death yak
  1424 | D        | Reached skill level 13 in Shields
  1432 | D        | Killed a death yak
  1440 | D        | Killed a death yak
  1440 | D        | Reached skill level 1 in Stealth
  1452 | D        | Killed a death yak
  1452 | D        | Reached ****** piety under Trog
  1452 | D        | Received a gift from Trog
  1452 | D        | Reached skill level 10 in Maces & Flails
  1452 | D        | Reached skill level 14 in Shields
  1461 | D        | Killed a death yak
  1465 | D        | Killed a death yak
  1467 | D        | Reached skill level 15 in Long Blades
  1467 | D        | Reached XP level 11. HP: 52/107 MP: 3/10
  1743 | D        | Noticed Harold
  1758 | D        | Killed Harold
  1881 | D        | Received a gift from Trog
  1881 | D        | Reached skill level 15 in Shields
  1905 | D        | Received a gift from Trog
  2100 | D        | Noticed an orc knight
  2107 | D        | Noticed an orc knight
  2115 | D        | Killed an orc knight
  2119 | D        | Noticed an orc high priest
  2122 | D        | Received a gift from Trog
  2128 | D        | Killed an orc knight
  2128 | D        | Reached skill level 15 in Armour
  2128 | D        | Noticed an orc knight
  2146 | D        | Killed an orc high priest
  2154 | D        | Killed an orc knight
  2162 | D        | Received a gift from Trog
  2414 | D        | Found Oczo's Gadget Emporium.
  2414 | D        | Noticed a deep troll
  2414 | D        | Noticed an ogre mage
  2429 | D        | Killed a deep troll
  2438 | D        | Reached skill level 16 in Shields
  2449 | D        | Killed an ogre mage
  2452 | D        | Reached skill level 5 in Axes
  2455 | D        | Found Wuromol's Book Shoppe.
  2470 | D        | Found Caizir's Assorted Antiques.
  2472 | D        | Noticed a deep troll
  2473 | D        | Found Waguscheg's Assorted Antiques.
  2474 | D        | Noticed a stone giant
  2478 | D        | Noticed a deep troll
  2487 | D        | Noticed an ogre mage
  2491 | D        | Killed a stone giant
  2491 | D        | Reached skill level 15 in Fighting
  2495 | D        | Killed a deep troll
  2500 | D        | Killed a deep troll
  2500 | D        | Received a gift from Trog
  2500 | D        | Reached XP level 12. HP: 56/121 MP: 3/11
  2513 | D        | Reached skill level 10 in Axes
  2519 | D        | Killed an ogre mage
  2983 | D        | Noticed Maurice
  2986 | D        | Paralysed by something for 7 turns
  3000 | D        | Killed Maurice
  3174 | D        | Received a gift from Trog
  3179 | D        | Noticed a stone giant
  3185 | D        | Reached skill level 17 in Shields
  3191 | D        | Noticed a deep troll earth mage
  3214 | D        | Killed a stone giant
  3215 | D        | Noticed a rakshasa
  3228 | D        | Received a gift from Trog
  3239 | D        | Killed a deep troll earth mage
  3239 | D        | Reached skill level 18 in Shields
  3245 | D        | Noticed an ogre mage
  3250 | D        | Noticed an ogre mage
  3267 | D        | Killed a rakshasa
  3271 | D        | Killed an ogre mage
  3271 | D        | Received a gift from Trog
  3350 | D        | Noticed Agnes
  3366 | D        | Killed Agnes
  3366 | D        | Reached skill level 19 in Shields
  3424 | D        | Noticed a spark wasp
  3431 | D        | Noticed a spark wasp
  3449 | D        | Mangled by a spark wasp

Vault maps used:
D:        linesprint

Skill      XL: |  1  2  3  4  5  6  7  8  9 10 11 12 |
---------------+-------------------------------------+-----
Fighting       | 4 5 6 7 8 9 10 11 12 13 15 16 | 16.8
Armour         | 5 6 9 11 12 13 14 15 16 | 16.0
Shields        | 4 5 6 8 9 10 11 12 14 16 19 | 19.4
Long Blades    | 3 5 7 9 12 14 15 16 | 16.4
Dodging        | 1 2 3 4 5 6 8 9 |  9.0
Maces & Flails | 6 11 13 | 13.0
Stealth        | 1 2 |  2.7
Axes           | 9 10 | 10.6

Action                   |  1- 3 |  4- 6 |  7- 9 | 10-12 || total
-------------------------+-------+-------+-------+-------++-------
Melee: Long sword        |    38 |    42 |    11 |       ||    91
       Headbutt          |     6 |    10 |    13 |    97 ||   126
       Scimitar          |       |       |    44 |       ||    44
       Morningstar       |       |       |    19 |       ||    19
       Falchion          |       |       |     9 |   259 ||   268
       Demon blade       |       |       |       |     9 ||     9
       War axe           |       |       |       |    73 ||    73
Invok: Trog's Hand       |       |       |     1 |     4 ||     5
       Berserk           |       |       |     1 |     2 ||     3
  Use: Potion            |     1 |       |     1 |    12 ||    14
       Scroll            |       |       |     2 |     3 ||     5
  Eat: Chunk             |       |       |     3 |     2 ||     5
       Ration            |       |       |       |     4 ||     4
Armor: Scale mail        |    32 |    15 |    34 |    49 ||   130
       Plate armour      |       |       |       |    36 ||    36
Dodge: Dodged            |    18 |     9 |    30 |    76 ||   133
Block: Shield            |    16 |    12 |    55 |    94 ||   177
       Large shield      |       |       |       |    87 ||    87
       Rpst.: Long sword |     3 |     5 |     1 |       ||     9
       Scimitar          |       |       |     5 |       ||     5
       Falchion          |       |       |       |    11 ||    11

Table legend:
 A = Non-vault XP
 B = Vault XP
 C = Vault XP percentage of total XP
 D = Non-vault monster count
 E = Vault monster count
 F = Vault count percentage of total count
                 A         B        C        D         E       F
            +---------+---------+-------+---------+---------+-------
      Total |       0 |   34978 | 100.0 |       0 |     106 | 100.0
            +---------+---------+-------+---------+---------+-------
          D |       0 |   34978 | 100.0 |       0 |     106 | 100.0
            +---------+---------+-------+---------+---------+-------
